 Dungeon Crawl Stone Soup version 0.22.0-21-g8bd1b0a (webtiles) character file.

4065 sking99 the Ducker (level 10, -6/77 HPs)
             Began as a Human Air Elementalist on Aug 19, 2018.
             Was a Believer of Ashenzari.
             Mangled by a vampire (12 damage)
             ... on level 9 of the Dungeon.
             The game lasted 00:31:31 (13110 turns).

sking99 the Ducker (Human Air Elementalist)        Turns: 13110, Time: 00:31:32

Health: -6/77      AC:  4    Str: 10    XL:     10   Next: 49%
Magic:  3/19       EV: 16    Int: 18    God:    Ashenzari [**....]
Gold:   393        SH:  0    Dex: 13    Spells: 11/21 levels left

rFire    . . .     SeeInvis .   C - +4 dagger
rCold    . . .     Gourm    +   (no shield)
rNeg     . . .     Faith    .   a - +0 robe
rPois    +         Spirit   .   (no helmet)
rElec    .         Reflect  .   e - +0 cloak
rCorr    .         Harm     .   f - +0 pair of gloves (curse)
MR       .....                  (no boots)
Stlth    ++........             x - amulet of the gourmand
HPRegen  0.22/turn              s - ring of poison resistance (curse)
MPRegen  0.16/turn              t - ring of wizardry (curse)

@: about to teleport
A: no striking features
a: Curse Item, Scrying, Renounce Religion


You were on level 9 of the Dungeon.
You worshipped Ashenzari.
Ashenzari was pleased with you.
You were not hungry.

You visited 1 branch of the dungeon, and saw 9 of its levels.

You collected 393 gold pieces.

Inventory:

Hand Weapons
 C - a +4 dagger (weapon)
Armour
 a - a +0 robe (worn)
 e - a +0 cloak (worn)
 f - a cursed +0 pair of gloves (worn)
Jewellery
 o - an uncursed ring of see invisible
 s - a cursed ring of poison resistance (left hand)
 t - a cursed ring of wizardry (right hand)
 x - an amulet of the gourmand (around neck)
 B - an uncursed ring of flight
Wands
 d - a wand of clouds (7)
 y - a wand of disintegration (12)
Scrolls
 j - 3 scrolls of fog
 l - 2 scrolls of magic mapping
 p - 3 scrolls of enchant weapon
 r - a scroll of blinking {unknown}
 w - a scroll of immolation
 z - a scroll of remove curse
 E - a scroll of noise {unknown}
Potions
 h - a potion of cancellation {unknown}
 i - a potion of berserk rage {unknown}
 k - 3 potions of might
 m - 2 potions of mutation
 n - 3 potions of brilliance
 q - 2 potions of flight {unknown}
 u - 2 potions of agility {unknown}
 A - 4 potions of haste {unknown}
Comestibles
 c - 14 rations


   Skills:
 + Level 6.7 Fighting
 + Level 7.1 Dodging
 - Level 2.0 Stealth
 + Level 6.2 Spellcasting
 - Level 6.0(7.5) Conjurations
 - Level 7.0(8.5) Air Magic


You had 11 spell levels left.
You knew the following spells:

 Your Spells              Type           Power        Failure   Level  Hunger
a - Shock                 Conj/Air       ####         1%          1    None
b - Airstrike             Air            #####.....   1%          4    ####...
c - Lightning Bolt        Conj/Air       ####......   4%          5    #####..

Your spell library contained the following spells:

 Spells                   Type           Power        Failure   Level  Hunger
 Swiftness                Chrm/Air       ###.....     1%          2    None
 Static Discharge         Conj/Air       ####....     1%          3    ##.....
 Animate Skeleton         Necr           N/A          4%          1    None
 Apportation              Tloc           #.....       4%          1    None
 Confusing Touch          Hex            #.....       4%          1    None
 Summon Small Mammal      Summ           #...         4%          1    None


Dungeon Overview and Level Annotations

Branches:
Dungeon (9/15)             Temple (0/1) D:6
   Lair: D:8-11         Orc: D:9-12

Altars:
Ashenzari
Cheibriados
Fedhas
Gozag
Hepliaklqana
Nemelex Xobeh
Okawaru
Uskayaw
Wu Jian
Xom
Yredelemnul
Zin
The Shining One


Message History

Confirm with . or Enter, or press ? or * to list all spells.
You don't know that spell.
Okay, then.
As you read the scroll of identify, it crumbles to dust.
n - 3 potions of brilliance Something completely misses you.
Something bites you.
* * * LOW HITPOINT WARNING * * *
Something draws strength from your injuries!
As you read the scroll labeled LIBRUL ZUWAHE, it crumbles to dust.
It is a scroll of enchant weapon.
Your +3 dagger glows red for a moment.
A vampire appears from thin air!
Reactivating autopickup.
The vampire misses you. x2; The hound misses you.
Okay, then.
The vampire barely misses you. The vampire bites you!
* * * LOW HITPOINT WARNING * * *
The vampire draws strength from your injuries!
As you read the scroll of teleportation, it crumbles to dust.
You feel strangely unstable. The hound barely misses you. The vampire hits you!
You die...

, ,........... , ,.#
..........#* * .# ,
..........# .#
..>!.$....##########.#
.....................#
.......<......(......#
..........#########..#
.....).......>.......#
.........@V..........#
.........h.#########.#
, ########...# *.# , *
#...# .# ** #.(.# ># ,
, ....# * .# ......, ,
, , ......# * *
.......# *


You could see a vampire and a hound.

Vanquished Creatures
  A hornet (D:8)
  Sigmund (D:4)
  A hungry ghost (D:8)
  2 soldier ants (D:8)
  2 orc warriors
  3 phantoms
  3 ogres (D:8)
  A centaur (D:7)
  6 big kobolds (D:6)
  3 bullfrogs
  A wyvern skeleton (D:6)
  A scorpion (D:5)
  5 killer bees (D:7)
  4 wights (D:8)
  A howler monkey (D:7)
  5 electric eels (D:6)
  2 crimson imps (D:6)
  2 hounds
  A bullfrog zombie (D:5)
  3 jellies
  5 orc priests
  7 orc wizards
  A bullfrog skeleton (D:7)
  2 centaur skeletons
  An iguana (D:4)
  5 worker ants
  A hound zombie (D:5)
  A hound skeleton (D:7)
  A worker ant zombie (D:4)
  Robin (D:1)
  2 gnolls (D:6)
  11 adders
  3 shadow imps
  3 oozes
  An adder zombie (D:7)
  An adder skeleton (D:8)
  6 worms
  6 dart slugs
  5 leopard geckos
  27 orcs
  7 giant cockroaches
  16 goblins
  10 hobgoblins
  6 jackals
  48 kobolds
  4 quokkas
  2 ball pythons
  9 bats
  4 frilled lizards
  A quokka skeleton (D:4)
  6 rats
251 creatures vanquished.

Notes
Turn   | Place    | Note
-------+----------+-------------------------------------------
     0 | D:1      | sking99 the Human Air Elementalist began the quest for the Orb.
     0 | D:1      | Reached XP level 1. HP: 13/13 MP: 3/3
   112 | D:1      | Reached XP level 2. HP: 18/19 MP: 0/5
   703 | D:1      | Reached XP level 3. HP: 24/24 MP: 2/6
   757 | D:1      | Found a shattered altar of Ashenzari.
   785 | D:1      | Became a worshipper of Ashenzari the Shackled
  1563 | D:2      | Reached XP level 4. HP: 30/30 MP: 5/8
  1601 | D:2      | Noticed Robin
  1838 | D:1      | Killed Robin
  1965 | D:2      | Found a shattered altar of Ashenzari.
  2061 | D:2      | Learned a level 4 spell: Airstrike
  2395 | D:2      | Found an iron altar of Okawaru.
  2426 | D:2      | Reached XP level 5. HP: 28/35 MP: 3/9
  3792 | D:3      | Reached XP level 6. HP: 41/41 MP: 7/11
  4200 | D:3      | Found a snail-covered altar of Cheibriados.
  4239 | D:4      | Noticed a phantom
  4240 | D:4      | Noticed Sigmund
  4567 | D:4      | Killed Sigmund
  4567 | D:4      | Reached skill level 5 in Air Magic
  4567 | D:4      | Reached XP level 7. HP: 31/46 MP: 0/13
  4757 | D:4      | Found a shimmering altar of Xom.
  4758 | D:4      | Found a hazy altar of Hepliaklqana.
  4758 | D:4      | Noticed a Killer Klown
  4759 | D:4      | Noticed a Killer Klown
  4759 | D:4      | Noticed a spectral ugly thing
  5461 | D:4      | Reached XP level 8. HP: 52/52 MP: 1/15
  5816 | D:4      | Found an ornate altar of the Wu Jian Council.
  5876 | D:5      | Entered Level 5 of the Dungeon
  5883 | D:5      | Reached skill level 5 in Conjurations
  5981 | D:5      | Found an ornate altar of the Wu Jian Council.
  5984 | D:5      | Reached skill level 5 in Spellcasting
  6226 | D:5      | Found a basalt altar of Yredelemnul.
  6358 | D:5      | Learned a level 5 spell: Lightning Bolt
  6418 | D:5      | Found a blossoming altar of Fedhas.
  6418 | D:5      | Found a sparkling altar of Nemelex Xobeh.
  6419 | D:5      | Found a glowing golden altar of the Shining One.
  7254 | D:6      | Reached * piety under Ashenzari
  7355 | D:6      | Found a staircase to the Ecumenical Temple.
  7842 | D:6      | Reached skill level 1 in Fighting
  7892 | D:6      | Reached XP level 9. HP: 59/59 MP: 7/16
  9355 | D:7      | Reached skill level 5 in Dodging
  9846 | D:7      | Reached skill level 5 in Fighting
 10105 | D:7      | Reached XP level 10. HP: 58/74 MP: 10/17
 10477 | D:7      | Found a hide-covered altar of Uskayaw.
 10515 | D:7      | Reached ** piety under Ashenzari
 10958 | D:8      | Found a snail-covered altar of Cheibriados.
 11407 | D:8      | Found a glowing silver altar of Zin.
 11607 | D:8      | Found an opulent altar of Gozag.
 12432 | D:8      | Paralysed by a hornet for 1 turns
 13110 | D:9      | Mangled by a vampire

Skill      XL: |  1  2  3  4  5  6  7  8  9 10 |
---------------+-------------------------------+-----
Conjurations   | 2 3 4 6 |  6.0
Spellcasting   | 3 4 5 6 |  6.2
Air Magic      | 4 5 7 |  7.0
Fighting       | 1 5 6 |  6.7
Dodging        | 6 7 |  7.1
Stealth        | |  2.0

Action                   |  1- 3 |  4- 6 |  7- 9 | 10-12 || total
-------------------------+-------+-------+-------+-------++-------
Melee: Unarmed           |    15 |     7 |       |     1 ||    23
       Dagger            |       |       |       |     5 ||     5
 Cast: Shock             |    50 |   169 |   339 |   105 ||   663
       Airstrike         |       |       |    15 |     3 ||    18
       Lightning Bolt    |       |       |       |     8 ||     8
Invok: Curse Item        |       |     2 |     2 |       ||     4
  Use: Scroll            |     1 |     2 |     5 |     5 ||    13
       Potion            |       |       |       |     2 ||     2
  Eat: Chunk             |     2 |     9 |    21 |    11 ||    43
       Ration            |       |       |     2 |       ||     2
Armor: Robe              |    16 |    13 |    22 |    14 ||    65
Dodge: Dodged            |    44 |    42 |    91 |    59 ||   236
